 Dungeon Crawl Stone Soup version 0.21.1-1-g345015f (webtiles) character file.

208564 JeffiDaFish the Warrior (level 18, -7/158 HPs)
             Began as a Green Draconian Chaos Knight on Feb 21, 2018.
             Mangled by a merfolk
             ... wielding a +2 spear of chaos
              (11 damage)
             ... on level 3 of the Shoals.
             The game lasted 01:30:27 (27954 turns).

JeffiDaFish the Warrior (DrCK)                     Turns: 27954, Time: 01:30:28

Health: -7/158     AC: 20    Str: 30    XL:     18   Next: 13%
Magic:  14/18      EV: 31    Int: 15    God:    Xom [*.....]
Gold:   622        SH: 17    Dex: 25    Spells: 14/17 levels left

rFire    . . .     SeeInvis +   z - +7 Screaming Sword
rCold    . . .     Gourm    .   I - +1 shield {reflect}
rNeg     . . .     Faith    .   (armour unavailable)
rPois    +         Spirit   .   (helmet restricted)
rElec    +         Reflect  +   F - +0 cloak
rCorr    .         Harm     .   w - +2 pair of gloves
MR       +....     Clarity  +   g - +4 pair of boots of Xomoik {*Drain rElec Str+4}
Stlth    +.........             D - amulet of Broken Luck {RegenMP *Drain rElec Str+8 Int+2}
HPRegen  0.76/turn              o - ring "Plog" {+Fly rElec Int-4 Dex+7 SInv}
MPRegen  0.41/turn              l - ring of the Octopus King {AC+1 EV+1 Str+1 Int+1 Dex+1 SInv}

@: short of breath, very slow
A: breathe noxious fumes, unfitting armour, claws 1, fangs 2, hooves 1, stinger
1, agile 1, clarity, clever 1, frail 1, poison resistance, regeneration 1,
screaming 2, wild magic 1, cold-blooded, AC +10
}: 1/15 runes: serpentine
a: Breathe Noxious Fumes, Renounce Religion, Evoke Flight


You were on level 3 of the Shoals.
You worshipped Xom.
You were a special plaything of Xom.
You were hungry.

You visited 5 branches of the dungeon, and saw 30 of its levels.

You collected 2430 gold pieces.
You spent 1808 gold pieces at shops.

Inventory:

Hand Weapons
 z - the +7 Screaming Sword (weapon)
   (You found it on level 10 of the Dungeon)
 H - the +8 long sword "Zull" {venom, Int+4}
   (You found it on level 5 of the Lair of Beasts)

   It poisons the flesh of those it strikes.
   It affects your intelligence (+4).
Armour
 g - the +4 pair of boots of Xomoik (worn) {*Drain rElec Str+4}
   (You acquired it on level 9 of the Dungeon)

   It affects your strength (+4).
   It insulates you from electricity.
   It causes draining when unequipped.
 w - a +2 pair of gloves (worn)
 F - a +0 cloak (worn)
 G - the +10 large shield of Ignorance {rN+ Int-4}
   (You acquired it on level 5 of the Lair of Beasts)

   It affects your intelligence (-4).
   It protects you from negative energy.
 I - a +1 shield of reflection (worn)
Jewellery
 d - an uncursed ring of protection from fire
 l - a ring of the Octopus King (right hand) {AC+1 EV+1 Str+1 Int+1 Dex+1 SInv}
   (You found it on level 5 of the Dungeon)

   [ring of see invisible]

   It affects your AC (+1).
   It affects your evasion (+1).
   It affects your strength (+1).
   It affects your intelligence (+1).
   It affects your dexterity (+1).
   It lets you see invisible.
 o - the ring "Plog" (left hand) {+Fly rElec Int-4 Dex+7 SInv}
   (You found it on level 2 of the Snake Pit)

   [ring of see invisible]

   It affects your intelligence (-4).
   It affects your dexterity (+7).
   It insulates you from electricity.
   It lets you see invisible.
   It lets you fly.
 v - an uncursed ring of protection from cold
 D - the amulet of Broken Luck (around neck) {RegenMP *Drain rElec Str+8 Int+2}
   (Xom gifted it to you on level 5 of the Lair of Beasts)

   [amulet of magic regeneration]

   It increases your magic regeneration.
   It affects your strength (+8).
   It affects your intelligence (+2).
   It insulates you from electricity.
   It causes draining when unequipped.
Wands
 e - a wand of scattershot (7)
 q - a wand of iceblast (11)
 y - a wand of clouds (7)
 A - a wand of random effects (19)
Scrolls
 i - 4 scrolls of amnesia
 k - 11 scrolls of remove curse
 m - 7 scrolls of teleportation
 n - 10 scrolls of identify
 r - 4 scrolls of magic mapping
 t - 5 scrolls of fog
 u - a scroll of silence
 B - 3 scrolls of enchant weapon
Potions
 a - a potion of might
 c - 5 potions of brilliance
 f - a potion of agility
 h - 4 potions of curing
 p - 2 potions of invisibility
 s - 2 potions of flight
 x - a potion of cancellation
 E - a potion of heal wounds
Books
 C - a Young Poisoner's Handbook

   Spells                             Type                      Level
   a - Sting                          Conjuration/Poison           1
   b - Poisonous Vapours              Poison/Air                   2
   c - Mephitic Cloud                 Conjuration/Poison/Air       3
   d - Olgreb's Toxic Radiance        Poison                       4
   e - Venom Bolt                     Conjuration/Poison           5
Comestibles
 b - 55 rations
 j - 8 chunks of flesh


   Skills:
 + Level 19.1 Fighting
 - Level 16.5 Long Blades
 + Level 16.3 Dodging
 * Level 15.1 Shields


You had 14 spell levels left.
You knew the following spells:

 Your Spells              Type           Power        Failure   Level  Hunger
a - Mephitic Cloud        Conj/Pois/Air  #.......     71%         3    ####...


Dungeon Overview and Level Annotations

Branches:
Dungeon (15/15) Temple (0/1) D:5 Lair (6/6) D:11 Shoals (3/4) Lair:4 Snake (4/4) Lair:3 Slime (0/5) Lair:5 Orc (2/2) D:11 Elf (0/3) Orc:2 Vaults (0/5) D:13 D:14 Depths (0/5) D:15

Altars:
Ashenzari
Gozag
Makhleb
Okawaru
Ru
Sif Muna
Vehumet
Xom
Zin
The Shining One
Beogh
Jiyva

Shops:
D:5 %   D:12 =   D:13 (   Orc:2 %(:*[   Snake:3 (::!


Innate Abilities, Weirdness & Mutations

You can breathe blasts of noxious fumes.
Your lurid green scales are hard. (AC +10)
You cannot fit into any form of body armour.
Your tail ends in a poisonous barb.
Your system is resistant to poisons. (rPois)
You are cold-blooded and may be slowed by cold attacks.
You have sharp fingernails.
You have extremely sharp teeth.
You have large cloven feet.
You are agile. (Dex +2)
You possess an exceptional clarity of mind.
Your mind is acute. (Int +2)
You are frail. (-10% HP)
Your natural rate of healing is unusually fast.
You sometimes yell uncontrollably at your foes.
Your spells are a little harder to cast, but a little more powerful.


Message History

The water swirls and strikes you!
* * * LOW HITPOINT WARNING * * *
You block the faun's attack.
The merfolk completely misses you. x2; You block the merfolk siren's attack.
You block the merfolk's attack. The faun barely misses you.
The water nymph is engulfed in noxious fumes.
A manticore comes into view.
You enter the shallow water.
Moving in this stuff is going to be slow.
The Screaming Sword bellows like a irate beast.
The monsters around you reel from the noise!
You block the merfolk impaler's attack. The merfolk siren barely misses you.
The water nymph is engulfed in noxious fumes.
The water nymph points at you and mumbles some strange words.
The water swirls and strikes you!
* * * LOW HITPOINT WARNING * * *
Xom thinks this is hilarious!
The merfolk hits you with a spear of chaos!
You die...
Xom guffaws!

∆ ......≈.. ..##
....≈≈≈. ≈....
#..≈≈≈# #..... .
#.≈H.##(.≈≈.. ∆
.. #.≈.((..≈≈..
≈.. ##.≈≈<...≈≈..
≈...#..≈≈≈≈≈≈≈≈..
.....m.≈≈≈≈≈≈≈≈..
..###.@≈≈≈m§≈≈≈.
#§§m≈≈≈≈≈...
#§mmm.≈≈....
#c§m≈≈≈≈..≈.
∆#..H≈§≈≈≈....
...(.≈≈≈..≈.#
≈≈..≈≈≈..≈≈≈.#
≈≈≈≈≈≈≈≈...≈≈≈..
≈≈≈...≈≈....≈≈. ∆


You could see a merfolk impaler, 3 merfolk, a manticore, a merfolk siren and a
water nymph.

Vanquished Creatures
  Rupert (D:13)
  Frances (D:14)
  A kraken (Shoals:2)
  A shadow dragon (Snake:4)
  6 nagarajas
  Donald (Shoals:1)
  Aizul (Snake:1)
  A fire dragon (D:15)
  A merfolk impaler (Shoals:2)
  2 ogre magi (D:15)
  The ghost of wevryn the Protected, a journeyman MiBe of Trog (Orc:1)
  7 hydras
  13 anacondas
  5 centaur warriors
  2 catoblepae
  19 naga warriors
  A merfolk aquamancer (Shoals:2)
  10 two-headed ogres
  6 death yaks (Lair:6)
  A deep troll shaman (Lair:6)
  3 orc high priests (Orc:2)
  7 naga sharpshooters
  7 shock serpents
  Sonja (D:12)
  A salamander mystic (Snake:3)
  4 skeletal warriors (D:13)
  6 unseen horrors
  14 sea snakes
  A flayed ghost (D:14)
  A lindwurm (Lair:6)
  9 orc knights
  7 naga ritualists
  5 harpies (Shoals:1)
  8 orc sorcerers
  14 mana vipers
  8 ugly things
  An oklob plant (Orc:2)
  10 salamanders
  3 cyclopes
  A wolf spider (D:15)
  A salamander (shapeshifter) (D:14)
  3 fauns
  2 merfolk sirens
  44 black mambas
  8 manticores
  12 guardian serpents
  13 elephants
  14 naga magi
  Joseph (Lair:1)
  9 spiny frogs
  A gargoyle (D:14)
  6 rime drakes
  A freezing wraith (D:14)
  8 komodo dragons
  2 kobold demonologists
  7 trolls
  A tengu conjurer (D:8)
  A harpy zombie (D:15)
  A meliai (shapeshifter) (D:15)
  A queen bee (Lair:2)
  9 merfolk
  A meliai (D:8)
  3 polar bears
  6 wind drakes
  4 slime creatures (D:14)
  17 blink frogs
  A meliai zombie (D:12)
  13 hippogriffs
  2 snapping turtles
  15 dream sheep
  4 water elementals
  45 yaks
  A shadow (D:12)
  A centaur simulacrum (D:14)
  2 spriggans
  7 basilisks
  16 humans
  4 wyverns
  A hog (shapeshifter) (D:14)
  3 hungry ghosts
  3 steam dragons (Shoals:2)
  6 vampire mosquitoes
  5 wargs (Orc:2)
  56 nagas
  2 acid dragons
  17 water moccasins
  11 ice beasts
  24 orc warriors
  8 porcupines
  Purgy (D:4)
  A sky beast (D:11)
  3 black bears
  A necrophage (D:10)
  A phantom (D:7)
  24 ogres
  22 centaurs
  9 wolves
  8 crocodiles
  2 big kobolds
  A bullfrog (shapeshifter) (D:14)
  16 bullfrogs
  11 scorpions
  37 killer bees
  5 howler monkeys
  4 wights
  3 electric eels
  2 bullfrog zombies
  A lava snake (Lair:6)
  5 centaur zombies
  A crimson imp (D:11)
  A wyvern simulacrum (D:14)
  4 jellies
  5 centaur skeletons
  4 hounds
  16 orc priests
  21 orc wizards
  3 bullfrog skeletons
  2 hell rats (Lair:2)
  3 worker ants
  3 iguanas
  4 hound skeletons
  5 gnolls
  A howler monkey skeleton (D:10)
  15 adders
  8 river rats (Lair:2)
  2 shadow imps
  2 white imps
  4 oozes
  An adder zombie (D:5)
  3 worms
  2 dart slugs
  3 leopard geckos
  65 orcs
  6 giant cockroaches
  7 goblins
  10 hobgoblins
  9 jackals
  2 quokkas
  2 ball pythons
  14 bats
  4 frilled lizards
  A goblin skeleton (D:5)
  2 goblin zombies (D:5)
  A hobgoblin zombie (D:5)
  8 kobolds
  A kobold skeleton (D:5)
  A leopard gecko skeleton (D:4)
  8 rats
  4 fungi
  4 tentacles (Shoals:2)
1034 creatures vanquished.

Vanquished Creatures (collateral kills)
  Erica (D:8)
  An ugly thing (D:11)
  A black mamba (Snake:1)
  A komodo dragon (Lair:2)
  A rime drake (Lair:6)
  3 yaks
  A centaur (D:7)
  An orc wizard (D:7)
  A worker ant (D:5)
  A gnoll (D:3)
  6 orcs
  A fungus (Lair:6)
  2 plants (Lair:2)
21 creatures vanquished.

Vanquished Creatures (others)
  Nikola (Shoals:2)
  A naga sharpshooter (Snake:4)
  A tengu warrior (D:8)
  A manticore (Shoals:2)
  A wind drake (Shoals:2)
  5 yaks (Lair:5)
  7 fungi
  9 plants
  3 tentacles (Shoals:2)
29 creatures vanquished.

Grand Total: 1084 creatures vanquished

Notes
Turn   | Place    | Note
-------+----------+-------------------------------------------
     0 | D:1      | JeffiDaFish the Draconian Chaos Knight began the quest for the Orb.
     0 | D:1      | Reached XP level 1. HP: 19/19 MP: 1/1
    38 | D:1      | XOM: silly message
   160 | D:1      | Reached XP level 2. HP: 25/26 MP: 2/2
   510 | D:1      | XOM: god gift: club {god gift}
   607 | D:1      | XOM is BORED!
   607 | D:1      | XOM: noise
   634 | D:1      | XOM: god gift: worn silver wand {god gift}
   878 | D:1      | Reached skill level 4 in Fighting
   878 | D:1      | Reached XP level 3. HP: 14/33 MP: 3/3
   892 | D:1      | XOM: give mutations
   892 | D:1      | Gained mutation: You have very sharp teeth. [Xom's grace]
   892 | D:1      | Gained mutation: You are agile. (Dex +2) [Xom's grace]
  1035 | D:1      | XOM: give mutations
  1035 | D:1      | Gained mutation: You have a pair of small horns on your head. [Xom's grace]
  1035 | D:1      | Gained mutation: You have supernaturally acute eyesight. (SInv) [Xom's grace]
  1035 | D:1      | Gained mutation: Your spells are a little harder to cast, but a little more powerful. [Xom's grace]
  1118 | D:2      | XOM: cast spell 'Cause Fear'
  1161 | D:2      | XOM: give mutations
  1161 | D:2      | Gained mutation: You possess an exceptional clarity of mind. [Xom's grace]
  1161 | D:2      | Gained mutation: Your mind is acute. (Int +2) [Xom's grace]
  1161 | D:2      | Gained mutation: You are somewhat resistant to further mutation. [Xom's grace]
  1161 | D:2      | Gained mutation: You have large cloven feet. [Xom's grace]
  1255 | D:2      | XOM: give mutations
  1255 | D:2      | Lost mutation: You are somewhat resistant to further mutation. [Xom's grace]
  1255 | D:2      | Gained mutation: You evolve. [Xom's grace]
  1255 | D:2      | Gained mutation: You have hoof-like feet. [Xom's grace]
  1255 | D:2      | Gained mutation: Your natural rate of healing is unusually fast. [Xom's grace]
  1345 | D:2      | Reached XP level 4. HP: 37/41 MP: 4/4
  1370 | D:2      | XOM: god gift: shiny emerald ring {god gift}
  1919 | D:3      | XOM: divination: detect items
  1923 | D:3      | XOM: summons 2 friendly demons
  1955 | D:3      | XOM: summons 2 friendly demons
  1961 | D:3      | Reached skill level 5 in Fighting
  1961 | D:3      | Reached XP level 5. HP: 39/48 MP: 5/5
  2000 | D:3      | Reached skill level 5 in Long Blades
  2003 | D:3      | Gained mutation: Your flesh is heat resistant. (rF+) [evolution]
  2003 | D:3      | Lost mutation: You evolve. [end of evolution]
  2012 | D:3      | XOM: scenery: create altars
  2020 | D:3      | XOM: divination: detect items
  2028 | D:3      | Reached XP level 6. HP: 3/57 MP: 6/6
  2030 | D:3      | HP: 2/57 [poisoned by a scorpion]
  2508 | D:4      | Noticed Purgy
  2509 | D:4      | Found an iron altar of Okawaru.
  2511 | D:4      | XOM: silly message
  2517 | D:4      | XOM: cast spell 'Disjunction'
  2533 | D:4      | Reached skill level 6 in Fighting
  2546 | D:4      | Killed Purgy
  2723 | D:4      | XOM: summons 5 friendly demons
  2729 | D:4      | Your scales start taking on a lurid green colour.
  2729 | D:4      | Reached XP level 7. HP: 41/64 MP: 7/7
  2729 | D:4      | Gained mutation: Your system is resistant to poisons. (rPois) [Green Draconian growth]
  2850 | D:4      | XOM: god gift: scroll of enchant armour
  2857 | D:4      | XOM: polymorph orc -> dart slug
  2860 | D:4      | XOM: 4-stop teleportation journey
  3092 | D:5      | Entered Level 5 of the Dungeon
  3092 | D:5      | Found the ring of the Octopus King
  3099 | D:5      | Got a ring of the Octopus King
  3101 | D:5      | Identified a ring of the Octopus King {AC+1 EV+1 Str+1 Int+1 Dex+1 SInv} (You found it on level 5 of the Dungeon)
  3221 | D:5      | XOM: summons friendly shadow imp
  3221 | D:5      | Reached skill level 7 in Fighting
  3235 | D:5      | XOM: potion effect (brilliance)
  3253 | D:5      | Found Kawugees's Food Shoppe.
  3331 | D:5      | Found a staircase to the Ecumenical Temple.
  3354 | D:5      | Found a glowing golden altar of the Shining One.
  3600 | D:6      | Reached XP level 8. HP: 69/74 MP: 8/8
  3658 | D:6      | Found a sacrificial altar of Ru.
  3660 | D:6      | Found a glowing silver altar of Zin.
  3660 | D:6      | Found a deep blue altar of Sif Muna.
  3661 | D:6      | Found an opulent altar of Gozag.
  3661 | D:6      | Found a burning altar of Makhleb.
  3661 | D:6      | Found a radiant altar of Vehumet.
  3669 | D:6      | Reached skill level 8 in Fighting
  3784 | D:6      | XOM: cast spell 'Cause Fear'
  4046 | D:6      | Reached skill level 9 in Fighting
  4339 | D:6      | Reached skill level 1 in Shields
  4509 | D:7      | XOM: summons 2 friendly demons
  4599 | D:7      | XOM: chaos cloud
  4604 | D:7      | XOM: enchant monster (bad)
  4611 | D:7      | Reached XP level 9. HP: 51/83 MP: 9/9
  4776 | D:7      | XOM: noise
  4843 | D:7      | XOM: harmless Erth miscast
  4854 | D:7      | XOM: enchant monster (bad)
  4863 | D:7      | XOM: noise
  4885 | D:7      | XOM: summons friendly shadow imp
  4942 | D:7      | XOM: 3-stop teleportation journey
  4953 | D:7      | XOM: enchant monster (good)
  4988 | D:7      | Reached skill level 5 in Dodging
  5689 | D:8      | Learned a level 3 spell: Confuse
  5760 | D:8      | Noticed a two-headed ogre
  5760 | D:8      | Noticed a two-headed ogre
  5765 | D:8      | Noticed Erica
  5766 | D:8      | XOM: fake destruction
  5774 | D:8      | Killed a two-headed ogre
  5774 | D:8      | Reached skill level 10 in Fighting
  5779 | D:8      | Killed a two-headed ogre
  5779 | D:8      | Reached XP level 10. HP: 16/94 MP: 10/10
  5780 | D:8      | Killed Erica
  6110 | D:8      | XOM: scenery: create altars
  6249 | D:8      | XOM: give mutations
  6249 | D:8      | Gained mutation: Your tail ends in a poisonous barb. [Xom's grace]
  6249 | D:8      | Gained mutation: Your flesh is cold resistant. (rC+) [Xom's grace]
  6249 | D:8      | Gained mutation: You have sharp fingernails. [Xom's grace]
  6249 | D:8      | Gained mutation: You are robust. (+10% HP) [Xom's grace]
  6258 | D:8      | You fall through a shaft for 3 floors!
  6286 | D:11     | Reached skill level 11 in Fighting
  6311 | D:11     | XOM: summons 2 friendly demons
  6319 | D:11     | Noticed a brown ugly thing
  6330 | D:11     | Killed a brown ugly thing
  6366 | D:11     | Got a slimy amber ring
  6376 | D:11     | Noticed an orc knight
  6389 | D:11     | Killed an orc knight
  6392 | D:11     | XOM: fog
  6614 | D:11     | Noticed a red ugly thing
  6626 | D:11     | XOM: enchant monster (bad)
  6627 | D:11     | Killed a red ugly thing
  6718 | D:11     | Reached skill level 12 in Fighting
  6719 | D:11     | XOM: enchant monster (bad)
  6792 | D:11     | Identified the ring of Olaczis {Ice rElec rN+++ Str-3 Int+4} (You took it off an orc on level 11 of the Dungeon)
  6822 | D:11     | XOM: give mutations
  6822 | D:11     | Gained mutation: Your mind is very acute. (Int +4) [Xom's grace]
  6822 | D:11     | Gained mutation: You are very agile. (Dex +4) [Xom's grace]
  7095 | D:11     | Found a staircase to the Lair.
  7128 | D:11     | Noticed an unseen horror
  7129 | D:11     | Noticed a white ugly thing
  7146 | D:11     | Killed a white ugly thing
  7150 | D:11     | Killed an unseen horror
  7150 | D:11     | Reached XP level 11. HP: 89/115 MP: 11/11
  7222 | D:11     | Found a roughly hewn altar of Beogh.
  7222 | D:11     | Found a staircase to the Orcish Mines.
  7274 | D:10     | Entered Level 10 of the Dungeon
  7646 | D:10     | Found the +7 Singing Sword
  7753 | D:10     | You fall through a shaft for 3 floors!
  7753 | D:13     | Found a deep blue altar of Sif Muna.
  7753 | D:13     | Noticed a four-headed hydra
  7782 | D:13     | Noticed an unseen horror
  7786 | D:13     | Killed an unseen horror
  7834 | D:12     | XOM: blink monster(s)
  7847 | D:12     | Reached skill level 13 in Fighting
  7852 | D:12     | XOM: divination: magic mapping
  7874 | D:12     | Noticed a green ugly thing
  7883 | D:11     | Killed a green ugly thing
  8321 | D:9      | Found a shattered altar of Ashenzari.
  8347 | D:9      | Identified a scroll of acquirement
  8348 | D:9      | Got a pair of dazzling boots
  8359 | D:9      | Identified the +4 pair of boots of Xomoik {*Drain rElec Str+4} (You acquired it on level 9 of the Dungeon)
  8457 | D:9      | XOM: cast spell 'Summon Small Mammal'
  8462 | D:9      | XOM: potion effect (invisibility)
  8469 | D:9      | Noticed an unseen horror
  8478 | D:9      | Killed an unseen horror
  8478 | D:9      | Reached skill level 10 in Dodging
  8485 | D:9      | Noticed a two-headed ogre
  8494 | D:9      | Killed a two-headed ogre
  8700 | D:9      | XOM: mild Chrm miscast
  8702 | D:9      | XOM: divination: magic mapping
  8941 | D:8      | Identified Suigoike's Catalogue of the Glacier and Clay
  8981 | D:8      | Noticed a tengu warrior
  8984 | D:8      | XOM: smoke on damage
  8986 | D:8      | Killed a tengu warrior
  8991 | D:8      | Noticed a catoblepas
  8993 | D:8      | Reached skill level 10 in Long Blades
  8993 | D:8      | Reached XP level 12. HP: 59/127 MP: 12/12
  9135 | D:8      | Killed a catoblepas
  9270 | D:8      | XOM: harmless Air miscast
  9461 | Lair:1   | Entered Level 1 of the Lair of Beasts
  9521 | Lair:1   | XOM: mild Necr miscast
  9607 | Lair:1   | Noticed Joseph
  9619 | Lair:1   | Killed Joseph
  9843 | Lair:1   | Reached skill level 14 in Fighting
  9906 | Lair:1   | XOM: noise
  9907 | Lair:1   | XOM: confuse monster(s)
 10031 | Lair:1   | XOM: summons 4 hostile demons
 10138 | Lair:2   | XOM: cast spell 'Summon Horrible Things'
 10297 | Lair:2   | XOM: smoke on damage
 10392 | Lair:2   | XOM: harmless Pois miscast
 10418 | Lair:2   | XOM: fog
 10425 | Lair:2   | XOM: enchant monster (bad)
 10547 | Lair:2   | Identified the +0 pair of boots of the Endless Stars {rN+ Int+4 Dex+3} (You found it on level 2 of the Lair of Beasts)
 11072 | Lair:3   | XOM: mild Necr miscast
 11170 | Lair:3   | Found a staircase to the Snake Pit.
 11208 | Lair:3   | Reached XP level 13. HP: 136/136 MP: 13/13
 11235 | Lair:3   | Reached skill level 15 in Fighting
 11380 | Lair:3   | XOM: polymorph rime drake -> spriggan
 11872 | D:11     | XOM: summons 2 hostile shadow creatures
 11960 | D:11     | XOM: summons 2 hostile demons
 12065 | Lair:4   | Found a staircase to the Shoals.
 12137 | Lair:4   | XOM: swap monsters
 12198 | Lair:4   | Identified the +10 flail of Disaster {crush, rF- Int+3 SInv} (You found it on level 4 of the Lair of Beasts)
 12663 | Lair:4   | XOM: scenery: 2 doors open
 12685 | Lair:5   | XOM: god gift: serpentine golden amulet {god gift}
 12686 | Lair:5   | Got a serpentine golden amulet {god gift}
 12687 | Lair:5   | Identified the amulet of Broken Luck {RegenMP *Drain rElec Str+8 Int+2} (Xom gifted it to you on level 5 of the Lair of Beasts)
 12825 | Lair:5   | Found the +10 large shield of Ignorance {rN+ Int-4}
 12949 | Lair:5   | XOM: enchant monster (good)
 12959 | Lair:5   | Identified the +8 long sword "Zull" {venom, Int+4} (You found it on level 5 of the Lair of Beasts)
 13090 | Lair:5   | XOM is BORED!
 13090 | Lair:5   | XOM: give mutation
 13090 | Lair:5   | Lost mutation: You have a pair of small horns on your head. [Xom's mischief]
 13097 | Lair:5   | XOM: scenery: create altars
 13288 | Lair:5   | XOM: god gift: book of the Dragon
 13291 | Lair:5   | Found a viscous altar of Jiyva.
 13291 | Lair:5   | Found a staircase to the Slime Pits.
 13561 | Lair:5   | XOM: fog
 13673 | Lair:6   | XOM: noise
 13673 | Lair:6   | Entered Level 6 of the Lair of Beasts
 13675 | Lair:6   | XOM: summons 8 friendly demons
 13910 | Lair:6   | XOM: fog
 13940 | Lair:6   | Reached skill level 16 in Fighting
 14060 | Lair:6   | XOM: 5-stop teleportation journey
 14208 | Lair:6   | XOM: mild Tloc miscast
 14220 | Lair:6   | XOM: swap monsters
 14233 | Lair:6   | XOM: fog
 14234 | Lair:6   | XOM: enchant monster (good)
 14238 | Lair:6   | Mutation became permanent: Your tail ends in a poisonous barb. [Green Draconian growth]
 14238 | Lair:6   | Gained mutation: Your tail ends in a poisonous barb. [Green Draconian growth]
 14238 | Lair:6   | Reached XP level 14. HP: 140/149 MP: 14/14
 14457 | Lair:6   | XOM: give mutations
 14457 | Lair:6   | Lost mutation: You have supernaturally acute eyesight. (SInv) [Xom's mischief]
 14457 | Lair:6   | Gained mutation: You have extremely sharp teeth. [Xom's mischief]
 14998 | Lair:4   | XOM: give mutations
 14998 | Lair:4   | Lost mutation: Your flesh is cold resistant. (rC+) [Xom's mischief]
 14998 | Lair:4   | Lost mutation: Your flesh is heat resistant. (rF+) [Xom's mischief]
 14998 | Lair:4   | Lost mutation: You are very agile. (Dex +4) [Xom's mischief]
 15016 | Lair:6   | XOM: 7-stop teleportation journey
 15050 | Lair:6   | XOM: enchant monster (bad)
 15052 | Lair:6   | XOM: harmless Erth miscast
 15689 | D:12     | Noticed Sonja
 15692 | D:12     | Killed Sonja
 15759 | D:12     | XOM: stat loss: -1 Dex (16/17)
 15788 | D:12     | Found Etaschan's Jewellery Boutique.
 16095 | D:12     | XOM: noise
 16096 | D:12     | XOM: divination: detect items
 16261 | Orc:1    | Entered Level 1 of the Orcish Mines
 16324 | Orc:1    | Noticed wevryn's ghost (journeyman MiBe)
 16327 | Orc:1    | XOM: enchant monster (bad)
 16328 | Orc:1    | XOM: give mutations
 16328 | Orc:1    | Lost mutation: Your mind is very acute. (Int +4) [Xom's mischief]
 16328 | Orc:1    | Gained mutation: Your body sometimes deteriorates upon taking damage. [Xom's mischief]
 16328 | Orc:1    | Lost mutation: You possess an exceptional clarity of mind. [Xom's mischief]
 16334 | Orc:1    | Killed wevryn's ghost
 16536 | Orc:2    | Entered Level 2 of the Orcish Mines
 16698 | Orc:2    | XOM is BORED!
 16698 | Orc:2    | XOM: give mutations
 16698 | Orc:2    | Lost mutation: You have hoof-like feet. [Xom's mischief]
 16698 | Orc:2    | Gained mutation: Your body often deteriorates upon taking damage. [Xom's mischief]
 16792 | Orc:2    | Found a staircase to the Elven Halls.
 16798 | Orc:2    | XOM: smoke on damage
 16984 | Orc:2    | Found Tonin's Antique Armour Boutique.
 17004 | Orc:2    | XOM: summons 1 hostile demon
 17153 | Orc:2    | XOM: cleaving
 17155 | Orc:2    | XOM: cast spell 'Summon Butterflies'
 17200 | Orc:2    | XOM: god gift: pair of gloves {god gift}
 17351 | Orc:2    | Found Nasapn's General Store.
 17373 | Orc:2    | Reached skill level 17 in Fighting
 17417 | Orc:2    | Found Causuho's Book Shoppe.
 17604 | Orc:2    | XOM: medium Erth miscast
 17615 | Orc:2    | Bought a scroll of teleportation for 42 gold pieces
 17617 | Orc:2    | Found Wekhlol's Antique Weapon Shoppe.
 17619 | Orc:2    | Found Cerijoing's Food Boutique.
 17768 | D:14     | Found a gate to the Vaults.
 17768 | D:14     | Noticed Rupert
 17799 | D:13     | XOM: divination: detect creatures
 17809 | D:13     | XOM: 2-stop teleportation journey
 17841 | D:13     | XOM: chaos cloud
 17894 | D:13     | XOM: give mutations
 17894 | D:13     | Gained mutation: You occasionally shout uncontrollably at your foes. [Xom's mischief]
 17894 | D:13     | Lost mutation: Your body often deteriorates upon taking damage. [Xom's mischief]
 17933 | D:13     | XOM: blink monster(s)
 17934 | D:13     | XOM: blink monster(s)
 17957 | D:13     | XOM: enchant monster (bad)
 17964 | D:13     | XOM: silly message
 17968 | D:13     | Reached XP level 15. HP: 50/160 MP: 15/15
 18201 | D:13     | XOM: harmless Air miscast
 18213 | D:13     | XOM: give mutations
 18213 | D:13     | Lost mutation: You occasionally shout uncontrollably at your foes. [Xom's mischief]
 18213 | D:13     | Gained mutation: You occasionally shout uncontrollably at your foes. [Xom's mischief]
 18280 | D:13     | XOM: summons 1 hostile shadow creature
 18312 | D:13     | Found Neniek's Weapon Emporium.
 18725 | D:13     | Killed Rupert
 18754 | D:14     | XOM: confuse monster(s)
 18820 | D:14     | XOM: harmless Erth miscast
 18858 | D:14     | Noticed Frances
 18863 | D:14     | XOM: mild Erth miscast
 18896 | D:14     | Killed Frances
 18896 | D:14     | Reached skill level 15 in Long Blades
 18906 | D:14     | XOM: enchant monster (good)
 19026 | D:14     | XOM: mild Hex miscast
 19196 | D:14     | XOM: noise
 19528 | D:15     | Entered Level 15 of the Dungeon
 19638 | D:15     | XOM: summons friendly ufetubus
 19682 | D:14     | XOM: scenery: create altars
 19811 | D:15     | Found a staircase to the Depths.
 19834 | D:15     | XOM: god gift: thin smoking staff {god gift}
 19916 | D:15     | XOM: blink monster(s)
 19917 | D:15     | XOM: polymorph green ugly thing -> fire dragon
 19925 | D:15     | XOM: cast spell 'Metabolic Englaciation'
 20049 | D:15     | Found a radiant altar of Vehumet.
 20283 | D:15     | XOM: summons friendly white imp
 20924 | Snake:1  | XOM: noise
 20924 | Snake:1  | Entered Level 1 of the Snake Pit
 20943 | Snake:1  | XOM: noise
 20958 | Snake:1  | XOM: give mutation
 20958 | Snake:1  | Gained mutation: You possess an exceptional clarity of mind. [Xom's grace]
 21066 | Snake:1  | XOM: snakes to sticks
 21129 | Snake:1  | XOM: summons 2 friendly demons
 21147 | Snake:1  | Reached XP level 16. HP: 165/169 MP: 16/16
 21242 | Snake:1  | XOM: divination: detect creatures
 21245 | Snake:1  | XOM: fake destruction
 21246 | Snake:1  | XOM: divination: magic mapping
 21273 | Snake:1  | Reached skill level 15 in Dodging
 21274 | Snake:1  | XOM: scenery: 1 fountains blood, 1 doors open, 1 doors close
 21296 | Snake:1  | XOM: 4-stop teleportation journey
 21434 | Snake:1  | XOM: god gift: glowing brass ring {god gift}
 21457 | Snake:1  | XOM: enchant monster (bad)
 21488 | Snake:1  | XOM: noise
 21590 | Snake:1  | Noticed Aizul
 21594 | Snake:1  | XOM: summons friendly shadow imp
 21600 | Snake:1  | XOM: confuse monster(s)
 21613 | Snake:1  | XOM: enchant monster (good)
 21623 | Snake:1  | Killed Aizul
 21988 | Snake:1  | XOM: mild Pois miscast
 22013 | Snake:1  | XOM: medium Pois miscast
 22047 | Snake:1  | Reached skill level 5 in Shields
 22275 | Snake:2  | XOM: cast spell 'Cause Fear'
 22416 | Snake:2  | XOM: 1-stop teleportation journey
 22424 | Snake:2  | XOM: medium Air miscast
 22436 | Snake:2  | XOM: swap monsters
 22476 | Snake:2  | Got a faintly glowing amber ring
 22477 | Snake:2  | Identified the ring "Plog" {+Fly rElec Int-4 Dex+7 SInv} (You found it on level 2 of the Snake Pit)
 22562 | Snake:2  | XOM: 1-stop teleportation journey
 22565 | Snake:2  | XOM: mild Erth miscast
 22691 | Snake:2  | Learned a level 3 spell: Mephitic Cloud
 22818 | Snake:2  | XOM: give mutations
 22818 | Snake:2  | Lost mutation: You are robust. (+10% HP) [Xom's mischief]
 22818 | Snake:2  | Lost mutation: Your body sometimes deteriorates upon taking damage. [Xom's mischief]
 22818 | Snake:2  | Gained mutation: You are frail. (-10% HP) [Xom's mischief]
 22963 | Snake:2  | XOM: divination: detect items
 23070 | Snake:2  | XOM is BORED!
 23070 | Snake:2  | XOM: noise
 23091 | Snake:2  | XOM: potion effect (brilliance)
 23100 | Snake:2  | XOM: harmless Chrm miscast
 23102 | Snake:2  | XOM: cast spell 'Summon Butterflies'
 23319 | Snake:3  | XOM: potion effect (agility)
 23322 | Snake:3  | XOM: harmless Tmut miscast
 23507 | Snake:3  | XOM: divination: detect creatures
 23634 | Snake:3  | Found Horuorej's Book Emporium.
 23637 | Snake:3  | Found Firchinui's Distillery.
 23637 | Snake:3  | Found Ajid Tita's Weapon Emporium.
 23642 | Snake:3  | Bought a manual of Shields for 1766 gold pieces
 23642 | Snake:3  | Found Suwneeb's Book Shoppe.
 23830 | Snake:3  | XOM: harmless Tloc miscast
 23948 | Snake:3  | XOM: potion effect (might)
 23950 | Snake:3  | XOM: potion effect (heal wounds)
 23951 | Snake:3  | XOM: potion effect (curing)
 23953 | Snake:3  | XOM: potion effect (haste)
 23955 | Snake:3  | XOM: cast spell 'Summon Butterflies'
 24184 | Snake:3  | XOM: harmless Hex miscast
 24323 | Snake:4  | Entered Level 4 of the Snake Pit
 24332 | Snake:4  | XOM: potion effect (brilliance)
 24338 | Snake:4  | XOM: potion effect (berserk rage)
 24353 | Snake:4  | XOM: potion effect (heal wounds)
 24399 | Snake:4  | Reached skill level 18 in Fighting
 24411 | Snake:4  | XOM: cast spell 'Call Canine Familiar'
 24425 | Snake:4  | Reached skill level 10 in Shields
 24444 | Snake:3  | Reached XP level 17. HP: 48/146 MP: 17/17
 24629 | Snake:4  | XOM: harmless Necr miscast
 24758 | Snake:4  | XOM: confuse monster(s)
 24780 | Snake:4  | XOM: silly message
 24814 | Snake:4  | XOM: enchant monster (good)
 24825 | Snake:4  | XOM: cast spell 'Metabolic Englaciation'
 24838 | Snake:4  | XOM: enchant monster (good)
 24852 | Snake:4  | XOM: mild Erth miscast
 24867 | Snake:4  | XOM: cast spell 'Olgreb's Toxic Radiance'
 24959 | Snake:4  | XOM: mild Fire miscast
 25099 | Snake:4  | XOM: potion effect (curing)
 25115 | Snake:4  | XOM: noise
 25121 | Snake:4  | XOM: divination: detect creatures
 25248 | Snake:4  | XOM: divination: detect creatures
 25362 | Snake:4  | XOM: harmless Necr miscast
 25755 | Snake:4  | XOM: cleaving
 25815 | Snake:4  | XOM: polymorph nagaraja -> stone giant
 25818 | Snake:4  | XOM: god gift: ration
 25821 | Snake:4  | XOM: polymorph stone giant -> shadow dragon
 25829 | Snake:4  | XOM: summons 8 friendly demons
 25838 | Snake:4  | XOM: swap monsters
 25916 | Snake:4  | Got a serpentine rune of Zot
 26285 | Shoals:1 | Entered Level 1 of the Shoals
 26394 | Shoals:1 | Noticed Donald
 26403 | Shoals:1 | Killed Donald
 26525 | Shoals:1 | XOM: summons 4 friendly demons
 26608 | Shoals:1 | XOM: enchant monster (bad)
 26857 | Shoals:2 | Reached skill level 19 in Fighting
 26861 | Shoals:2 | XOM: divination: magic mapping
 26864 | Shoals:2 | Noticed Nikola
 26864 | Shoals:2 | XOM: potion effect (invisibility)
 26868 | Shoals:2 | XOM: mild Necr miscast
 26878 | Shoals:2 | Killed Nikola
 27109 | Shoals:2 | XOM: summons friendly crimson imp
 27135 | Shoals:2 | Reached XP level 18. HP: 110/158 MP: 18/18
 27254 | Shoals:2 | XOM: enchant monster (good)
 27623 | Shoals:2 | Reached skill level 15 in Shields
 27830 | Shoals:2 | XOM: harmless Air miscast
 27870 | Shoals:2 | XOM: give mutation
 27870 | Shoals:2 | Gained mutation: You sometimes yell uncontrollably at your foes. [Xom's mischief]
 27934 | Shoals:3 | XOM: chaos upgrade
 27942 | Shoals:3 | XOM: divination: detect items
 27948 | Shoals:3 | XOM: chaos upgrade
 27954 | Shoals:3 | HP: 4/158 [water nymph/the raging water (22)]
 27954 | Shoals:3 | Mangled by a merfolk

Skill      XL: |  1  2  3  4  5  6  7  8  9 10 11 12 13 14 15 16 17 18 |
---------------+-------------------------------------------------------+-----
Fighting       | 4 5 6 7 9 10 12 13 14 16 17 18 19 | 19.1
Long Blades    | 4 5 6 7 8 10 11 12 14 16 | 16.5
Shields        | 3 4 10 14 15 | 15.1
Dodging        | 3 6 8 10 11 12 13 14 16 | 16.3

Action                   |  1- 3 |  4- 6 |  7- 9 | 10-12 | 13-15 | 16-18 || total
-------------------------+-------+-------+-------+-------+-------+-------++-------
Melee: Falchion          |    44 |   146 |   208 |   270 |       |       ||   668
       Tailslap          |     2 |    19 |    39 |   144 |   261 |   261 ||   726
       Headbutt          |     3 |    34 |    67 |   193 |    64 |       ||   361
       Kick              |     1 |     9 |       |       |       |       ||    10
       Bite              |       |    18 |    34 |    81 |   204 |   195 ||   532
       Double sword      |       |       |       |   370 |   913 |   920 ||  2203
       Flail             |       |       |       |       |    11 |       ||    11
 Abil: Breathe Noxious F |       |       |     4 |     2 |     5 |     3 ||    14
Evoke: Wand              |       |       |     1 |       |     7 |     6 ||    14
  Use: Scroll            |     7 |       |     6 |    13 |    13 |    14 ||    53
       Potion            |     5 |     3 |       |     2 |     4 |     6 ||    20
 Stab: Sleeping          |     2 |     3 |     1 |     3 |       |     1 ||    10
       Confused          |       |     1 |     4 |     2 |     7 |     2 ||    16
       Petrifying        |       |       |     4 |     2 |     2 |       ||     8
       Paralysed         |       |       |       |     8 |       |       ||     8
       Petrified         |       |       |       |     6 |     5 |       ||    11
       Invisible         |       |       |       |     1 |       |       ||     1
       Held in net/web   |       |       |       |     1 |       |       ||     1
       Distracted        |       |       |       |       |     1 |       ||     1
  Eat: Chunk             |     1 |     5 |    10 |    20 |    25 |     5 ||    66
       Ration            |       |       |       |       |     3 |     5 ||     8
Armor: Skin              |    13 |    48 |    37 |   106 |   164 |    94 ||   462
Dodge: Dodged            |    23 |    97 |   126 |   432 |   733 |   712 ||  2123
Block: Buckler           |       |       |     7 |   209 |   362 |    30 ||   608
       Shield            |       |       |       |       |       |   697 ||   697
       Reflection        |       |       |       |       |       |    16 ||    16
       Rpst.: Falchion   |     6 |    36 |    40 |    50 |       |       ||   132
       Double sword      |       |       |       |    81 |   172 |   137 ||   390
